 Dungeon Crawl Stone Soup version 0.18-a0-1577-gf591c28 (webtiles) character file.

3312 M4edhros the Covert (level 10, -1/57 (58) HPs)
             Began as an Octopode Artificer on Mar 20, 2016.
             Slain by a hippogriff (10 damage)
             ... on level 8 of the Dungeon.
             The game lasted 00:09:06 (7734 turns).

M4edhros the Covert (Octopode Artificer)            Turns: 7734, Time: 00:09:06

HP:   -1/57 (58)    AC:  1    Str: 11    XL:     10   Next: 1%
MP:   21/21         EV: 13    Int: 15    God:    Xom [.*....]
Gold: 394           SH: 13    Dex: 15    Spells: 0 memorised, 9 levels left

rFire  + . .     SeeInvis .     l - +2 dagger (distort)
rCold  . . .     Gourm    .     s - +2 shield
rNeg   . . .     Faith    .     (helmet restricted)
rPois  .         Spirit   .     r - +2 amulet of reflection
rElec  .         Dismiss  .     g - ring of magical power
rCorr  +         Reflect  +     C - ring of protection from fire
SustAt .         Harm     .     E - ring of resist corrosion
MR     .....                    F - ring of resist corrosion
Stlth  ++++++++..               (no ring)
                                (no ring)
                                (no ring)
                                (no ring)

@: not resistant to hostile enchantments, extraordinarily stealthy
A: almost no armour, amphibious, 8 rings, constrict 8, camouflage 1, gelatinous
body 1
a: Renounce Religion


You were on level 8 of the Dungeon.
You worshipped Xom.
You were a plaything of Xom.
You were not hungry.

You visited 2 branches of the dungeon, and saw 9 of its levels.

You collected 394 gold pieces.

Inventory:

Hand Weapons
 a - a +0 short sword
 l - a +2 dagger of distortion (weapon)
 A - a +0 hunting sling
Missiles
 x - 43 sling bullets
 B - 196 stones (quivered)
 M - a throwing net
Armour
 s - a +2 shield (worn)
Jewellery
 g - a ring of magical power (left tentacle)
 r - a +2 amulet of reflection (around mantle)
 C - a ring of protection from fire (right tentacle)
 E - a ring of resist corrosion (on tentacle)
 F - a ring of resist corrosion (on tentacle)
Wands
 b - a wand of flame (3/48)
 c - a wand of enslavement (15/24)
 d - a wand of random effects (15/48)
 y - a wand of flame (15/48)
 z - a wand of flame (20/48)
 J - a wand of polymorph (17/24)
Scrolls
 m - 2 scrolls of identify
 q - 5 scrolls of teleportation
 D - 2 scrolls of recharging {unknown}
 G - a scroll of fear
 H - a scroll of enchant weapon {unknown}
 I - a scroll of remove curse {unknown}
 K - a scroll of amnesia {unknown}
 P - a scroll of fog {unknown}
 R - a scroll of immolation {unknown}
Potions
 e - 3 potions of cure mutation {unknown}
 h - 7 potions of curing {unknown}
 i - 2 potions of lignification {unknown}
 k - a potion of flight {unknown}
 n - a potion of heal wounds {unknown}
 o - 2 potions of haste {unknown}
 u - a potion of resistance {unknown}
 w - a potion of ambrosia {unknown}
 L - a potion of mutation {unknown}
 Q - a potion of magic {unknown}
Books
 t - a book of Summonings

   Spells                             Type                      Level
   a - Recall                         Summoning/Translocation      3
   b - Aura of Abjuration             Summoning                    5
   c - Summon Demon                   Summoning                    5
   d - Summon Forest                  Summoning/Translocation      5
   e - Summon Mana Viper              Hexes/Summoning              5
   f - Shadow Creatures               Summoning                    6
 O - a book of Unlife

   Spells                             Type                      Level
   a - Recall                         Summoning/Translocation      3
   b - Animate Dead                   Necromancy                   4
   c - Control Undead                 Necromancy                   4
   d - Cigotuvi's Embrace             Necromancy                   5
   e - Death Channel                  Necromancy                   6
   f - Simulacrum                     Ice/Necromancy               6
Comestibles
 f - 5 bread rations
 j - 4 meat rations
 p - 5 beef jerkies
 v - 6 fruits
 N - a chunk of flesh


   Skills:
 - Level 1.0 Fighting
 - Level 1.0 Short Blades
 - Level 5.6 Dodging
 * Level 14.8 Stealth
 + Level 6.1 Shields
 - Level 3.2 Evocations


You had 9 spell levels left.
You didn't know any spells.

Dungeon Overview and Level Annotations

Branches:
Dungeon (8/15)             Temple (1/1) D:7
   Lair: D:8-11

Altars:
Ashenzari
Cheibriados
Elyvilon
Fedhas
Gozag
Kikubaaqudgha
Makhleb
Nemelex Xobeh
Okawaru
Sif Muna
Trog
Vehumet
Xom
Yredelemnul
Zin
The Shining One

Annotations:
D:7 1 runed door
Abyss:1 Sigmund


Innate Abilities, Weirdness & Mutations

You cannot wear most types of armour.
You are amphibious.
You can wear up to eight rings at the same time.
You can use your tentacles to constrict eight enemies at once.
Your skin changes colour to match your surroundings (Stealth).
Your rubbery body absorbs attacks (AC +1).


Message History

The hippogriff seems less confused.
The ice beast closely misses you. Something barely misses you.
You hit the ice beast but do no damage.
Space bends around the ice beast.
You kill the ice beast!
Something hits you. Something shocks you.
You emit a cloud of colourful smoke!
You block the hippogriff's attack. x3
You hit the hippogriff.
Space warps horribly around the hippogriff!
The hippogriff is severely wounded.
Something hits you. Something shocks you.
You hit the hippogriff.
Space bends around the hippogriff.
The hippogriff is severely wounded.
The hippogriff bites you! The hippogriff pecks you.
You block the hippogriff's attack. Something hits you.
* * * LOW HITPOINT WARNING * * *
Something shocks you.
* * * LOW HITPOINT WARNING * * *
The hippogriff bites you!
You die...

#. #†)####...............
#. #.##..##....########..
#.##.'....#..............
##....#....#....#####.....
#..#####..##.>..# #.#...
#.##.###+##..)..# #.....
#.#.[.'.#####.#.#####..#..
#.##.###§§§.##............
#..#'#.#§@§.(#..#####..###
##.....#§§H$$#.....##..# #
##..#.#.....#...#.....#
.....#.##..:##.........#
####..##.#####.##.......#
#..###.....###....)..# #
#..# ##..### #.......###
#......#.# #..........
##.###..... #.#...#..##


You could see a hippogriff.

Vanquished Creatures
  A water moccasin (D:8)
  3 ice beasts
  2 orc warriors
  2 necrophages
  4 ogres
  A centaur (D:6)
  2 big kobolds
  6 giant frogs
  4 scorpions
  A howler monkey (D:6)
  A crimson imp (D:4)
  4 jellies
  2 giant frog zombies (D:6)
  4 hounds
  A centaur skeleton (D:7)
  2 orc priests
  Jessica (D:2)
  2 giant frog skeletons
  An iguana (D:4)
  5 orc wizards
  2 worker ants
  2 hound skeletons
  A mummy (D:6)
  Robin (D:4)
  2 gnolls (D:7)
  A howler monkey skeleton (D:4)
  5 adders
  A shadow imp (D:8)
  An adder skeleton (D:5)
  2 worms (D:4)
  6 giant geckos
  34 orcs
  6 giant cockroaches
  13 goblins
  12 hobgoblins
  3 jackals (D:1)
  6 kobolds
  4 quokkas
  8 bats
  2 giant gecko skeletons (D:4)
  A giant gecko zombie (D:8)
  9 giant newts
  2 jackal skeletons
  A kobold zombie (D:6)
  2 orc zombies (D:6)
  15 rats
191 creatures vanquished.

Vanquished Creatures (others)
  The ghost of Uhlv the Shield-Bearer, an amateur DDFi (D:4)
  An orc warrior (D:6)
  A centaur (D:5)
  A giant frog (D:7)
  A howler monkey (D:8)
  An orc priest (D:4)
  An iguana (D:8)
  2 worker ants
  A jackal (D:1)
  A kobold (D:7)
11 creatures vanquished.

Grand Total: 202 creatures vanquished

Notes
Turn   | Place    | Note
--------------------------------------------------------------
     0 | D:1      | M4edhros the Octopode Artificer began the quest for the Orb.
     0 | D:1      | Reached XP level 1. HP: 13/13 MP: 3/3
   178 | D:1      | Reached XP level 2. HP: 15/18 MP: 4/4
   183 | D:1      | Reached skill level 2 in Stealth
   523 | D:1      | Reached skill level 3 in Stealth
   608 | D:2      | Reached XP level 3. HP: 23/23 MP: 5/5
   675 | D:2      | Noticed Jessica
   695 | D:2      | Killed Jessica
   695 | D:2      | Reached skill level 4 in Stealth
   761 | D:2      | Found a deep blue altar of Sif Muna.
   795 | D:2      | Reached XP level 4. HP: 21/28 MP: 6/6
   967 | D:2      | Found a glowing golden altar of the Shining One.
  1247 | D:3      | Reached skill level 5 in Stealth
  1357 | D:3      | Reached XP level 5. HP: 33/33 MP: 7/7
  1723 | D:4      | Reached skill level 6 in Stealth
  1786 | D:4      | Noticed Uhlv's ghost (amateur DDFi)
  1787 | D:4      | Reached XP level 6. HP: 35/38 MP: 8/8
  1808 | D:4      | Banished Uhlv's ghost
  1808 | D:4      | Reached skill level 7 in Stealth
  1932 | D:4      | Reached skill level 8 in Stealth
  1932 | D:4      | Reached XP level 7. HP: 43/43 MP: 9/9
  1976 | D:4      | Noticed Robin
  2171 | D:4      | Reached skill level 5 in Dodging
  2248 | D:4      | Killed Robin
  2274 | D:4      | Reached skill level 9 in Stealth
  2283 | D:4      | Noticed a moth of wrath
  2286 | D:4      | Found a bloodstained altar of Trog.
  2309 | D:4      | Got a pitted mace
  2314 | D:4      | Identified the +1 mace of the Undead {venom, MR+ Str+3} (You found it on level 4 of the Dungeon)
  2535 | D:4      | Reached XP level 8. HP: 31/48 MP: 10/10
  2722 | D:5      | Entered Level 5 of the Dungeon
  2750 | D:5      | Noticed Sigmund
  2760 | D:5      | Banished Sigmund
  2760 | D:5      | Reached skill level 10 in Stealth
  2760 | D:5      | Reached skill level 1 in Shields
  3088 | D:5      | Found an iron altar of Okawaru.
  3090 | D:5      | Found a shattered altar of Ashenzari.
  3454 | D:5      | Reached skill level 11 in Stealth
  3492 | D:5      | Found a white marble altar of Elyvilon.
  3637 | D:5      | Found a snail-covered altar of Cheibriados.
  3736 | D:6      | Reached skill level 12 in Stealth
  3824 | D:6      | Reached XP level 9. HP: 53/53 MP: 11/11
  4492 | D:6      | Reached skill level 13 in Stealth
  4617 | D:7      | Found a glowing silver altar of Zin.
  4618 | D:7      | Found a runed door.
  4618 | D:7      | Noticed an angel
  4759 | D:7      | Found a blossoming altar of Fedhas.
  4884 | D:7      | Found a staircase to the Ecumenical Temple.
  4991 | Temple   | Entered the Ecumenical Temple
  4995 | Temple   | Became a worshipper of Xom of Chaos
  5112 | D:7      | XOM: silly message
  5292 | D:7      | Reached skill level 5 in Shields
  5409 | D:7      | XOM: silly message
  5422 | D:7      | XOM: potion effect (haste)
  5604 | Temple   | XOM: divination: detect creatures
  5927 | Temple   | XOM: 6-stop teleportation journey
  6416 | Temple   | XOM: vitrification
  6556 | Temple   | XOM is BORED!
  6556 | Temple   | XOM: mild Conj miscast
  6977 | Temple   | XOM: god gift: scroll labeled FECUZOO DU COS
  7286 | D:8      | XOM: summons friendly crimson imp
  7390 | D:8      | XOM: cast spell 'Ice Form'
  7465 | D:8      | Reached skill level 14 in Stealth
  7723 | D:8      | XOM: confusion (+ monsters)
  7725 | D:8      | Reached XP level 10. HP: 54/57 MP: 12/12
  7732 | D:8      | XOM: smoke on damage
  7734 | D:8      | Slain by a hippogriff

Vault maps used:
D:1:      minmay_arrival_semitransparent
D:2:      tso_altar, lemuel_tele_altar, uniq_jessica
D:4:      tgw_trog, first_bread, uniq_robin
D:5:      nicolae_overflow_hidden_temple, marbit_many_paths,
          nicolae_overflow_crystal_walls, uniq_sigmund
D:6:      minmay_mini_ossuary
D:7:      lemuel_temple_firewalk_marked, basic_altar, grunt_ogre_cave,
          kennysheep_nub, lemuel_angel_altar
D:8:      minivault_25, minmay_joined_circles, uniq_psyche
Temple:   zaba_magenta_temple_12

Skill      XL: |  1  2  3  4  5  6  7  8  9 |
---------------+----------------------------+-----
Stealth        | 3 4 5 6 8 9 12 14 | 14.8
Dodging        | 3 4 5 |  5.6
Shields        | 3 6 |  6.1
Fighting       | |  1.0
Short Blades   | |  1.0
Evocations     | |  3.2

Action                   |  1- 3 |  4- 6 |  7- 9 | 10-12 || total
-------------------------+-------+-------+-------+-------++-------
Melee: Short sword       |    12 |       |       |       ||    12
       Dagger            |    45 |    60 |   274 |     5 ||   384
Evoke: Wand              |       |       |    12 |       ||    12
  Use: Scroll            |       |       |     7 |       ||     7
 Stab: Sleeping          |     4 |    15 |    52 |       ||    71
       Distracted        |       |       |     3 |       ||     3
  Eat: Chunk             |       |     3 |    14 |       ||    17
       Beef jerky        |       |       |     3 |       ||     3
